 Dungeon Crawl Stone Soup version 0.19.5 (webtiles) character file.

427 snowfan the Stinger (level 6, -5/36 HPs)
             Began as an Octopode Venom Mage on Apr 9, 2017.
             Slain by a mummy (12 damage)
             ... in an ossuary.
             The game lasted 00:16:30 (2766 turns).

snowfan the Stinger (Octopode Venom Mage)           Turns: 2766, Time: 00:16:31

Health: -5/36      AC:  1    Str: 12    XL:     6   Next: 97%
Magic:  0/13       EV: 21    Int: 24    God:
Gold:   179        SH:  0    Dex: 23    Spells: 3 memorised, 6 levels left

rFire  . . .     SeeInvis .     k - +0 dagger
rCold  . . .     Gourm    .     (no shield)
rNeg   . . .     Faith    .     (helmet restricted)
rPois  .         Spirit   +     d - amulet of guardian spirit
rElec  .         Reflect  .     i - +5 ring of dexterity
rCorr  .         Harm     .     (no ring)
MR     .....                    (no ring)
Stlth  +++++.....               (no ring)
                                (no ring)
                                (no ring)
                                (no ring)
                                (no ring)

@: mighty, brilliant, agile
A: almost no armour, stealthy swim, amphibious, 8 rings, constrict 8, camouflage
1, gelatinous body 1
a: no special abilities


You were in an ossuary.
You were not hungry.

You visited 1 branch of the dungeon, and saw 4 of its levels.
You also visited: Ossuary.

You collected 179 gold pieces.

Inventory:

Hand Weapons
 k - a +0 dagger (weapon)
Jewellery
 d - an amulet of guardian spirit (around mantle)
 i - a +5 ring of dexterity (left tentacle)
Wands
 s - a wand of slowing (14/48)
Scrolls
 c - 2 scrolls of enchant armour {unknown}
 e - 4 scrolls of teleportation {unknown}
 l - 2 scrolls of random uselessness {unknown}
 m - 2 scrolls of recharging {unknown}
 p - 3 scrolls of identify {unknown}
 q - a scroll of fear {unknown}
 r - 2 scrolls of remove curse {unknown}
Potions
 g - 2 potions of agility
 h - 2 potions of haste
 j - 2 potions of cancellation
Books
 a - a Young Poisoner's Handbook

   Spells                             Type                      Level
   a - Sting                          Conjuration/Poison           1
   b - Mephitic Cloud                 Conjuration/Poison/Air       3
   c - Olgreb's Toxic Radiance        Poison                       4
   d - Alistair's Intoxication        Transmutation/Poison         5
   e - Venom Bolt                     Conjuration/Poison           5
Comestibles
 b - 2 bread rations
 f - a royal jelly
 n - 2 meat rations
 t - 2 chunks of flesh
 w - 3 fruits


   Skills:
 + Level 3.9 Dodging
 - Level 2.6 Stealth
 * Level 4.8 Spellcasting
 + Level 6.4 Poison Magic


You had 6 spell levels left.
You knew the following spells:

 Your Spells              Type           Power        Failure   Level  Hunger
a - Sting                 Conj/Pois      ####         1%          1    None
c - Mephitic Cloud        Conj/Pois/Air  ####....     1%          3    ##.....
r - Olgreb's Toxic Radia  Pois           ######..     1%          4    ####...


Dungeon Overview and Level Annotations

Branches:
Dungeon (4/15)             Temple (0/1) D:4

Altars:
The Shining One


Innate Abilities, Weirdness & Mutations

You cannot wear most types of armour.
You are very stealthy in the water. (Stealth+)
You are amphibious.
You can wear up to eight rings at the same time.
You can use your tentacles to constrict eight enemies at once.
Your skin changes colour to match your surroundings (Stealth+).
Your rubbery body absorbs attacks. (AC +1, EV +1)


Message History

* * * LOW HITPOINT WARNING * * *
The kobold zombie misses you.
You puncture the mummy! You squeeze the mummy.
You destroy the mummy!
The mummy misses you. x2; The kobold zombie closely misses you.
You puncture the mummy! You grab the mummy.
The mummy is heavily damaged.
You constrict the mummy.
The kobold zombie completely misses you.
The mummy hits you.
You hit the mummy.
The mummy is almost destroyed.
You constrict the mummy.
You destroy the mummy!
The kobold zombie completely misses you.
The kobold zombie closely misses you.
You hit the mummy. Your grab misses the mummy. You squeeze the mummy!
The mummy is almost destroyed.
The kobold zombie misses you. The mummy hits you!
You die...

#....#
#....#
#....#
#....#
#....#
#....#
#....#
#..ZZ#
#.M@.#
######


You could see a mummy and 2 kobold zombies.

Vanquished Creatures
  Sigmund (D:2)
  A hound (D:4)
  Jessica (D:2)
  Ijyb (D:2)
  An iguana (D:4)
  2 mummies (Ossuary)
  6 gnolls
  3 adders (D:3)
  2 oozes
  2 dart slugs
  2 leopard geckos
  2 orcs (D:3)
  2 giant cockroaches (D:2)
  4 goblins
  2 hobgoblins (D:1)
  3 kobolds
  A ball python (D:3)
  6 bats
  3 frilled lizards (D:2)
  A gnoll zombie (Ossuary)
  A hobgoblin zombie (Ossuary)
  A kobold zombie (Ossuary)
  An orc zombie (Ossuary)
  3 rats
52 creatures vanquished.

Notes
Turn   | Place    | Note
-------+----------+-------------------------------------------
     0 | D:1      | snowfan the Octopode Venom Mage began the quest for the Orb.
     0 | D:1      | Reached XP level 1. HP: 11/11 MP: 3/3
    83 | D:1      | You fall through a shaft!
   203 | D:2      | Noticed Jessica
   357 | D:1      | Reached skill level 5 in Poison Magic
   433 | D:1      | Reached XP level 2. HP: 17/17 MP: 5/5
   442 | D:1      | Found a glowing golden altar of the Shining One.
  1107 | D:2      | Killed Jessica
  1107 | D:2      | Reached XP level 3. HP: 19/21 MP: 2/7
  1161 | D:2      | Noticed Sigmund
  1184 | D:2      | HP: 1/21 [something/puff of flame (10)]
  1530 | D:2      | Killed Sigmund
  1530 | D:2      | Reached XP level 4. HP: 18/27 MP: 0/9
  1530 | D:2      | Reached XP level 5. HP: 21/31 MP: 0/10
  1603 | D:2      | Noticed Ijyb
  1609 | D:2      | Killed Ijyb
  1609 | D:2      | Reached skill level 6 in Poison Magic
  1609 | D:2      | Reached XP level 6. HP: 30/36 MP: 2/12
  2429 | D:3      | Learned a level 4 spell: Olgreb's Toxic Radiance
  2433 | D:3      | Learned a level 3 spell: Mephitic Cloud
  2573 | D:4      | Found a staircase to the Ecumenical Temple.
  2703 | D:4      | Found a sand-covered staircase.
  2708 | Ossuary  | Entered an ossuary
  2766 | Ossuary  | Slain by a mummy

Skill      XL: |  1  2  3  4  5 |
---------------+----------------+-----
Poison Magic   | 5 6 |  6.4
Dodging        | 3 |  3.9
Spellcasting   | 3 4 |  4.8
Stealth        | |  2.6

Action                   |  1- 3 |  4- 6 || total
-------------------------+-------+-------++-------
Melee: Unarmed           |     5 |       ||     5
       Dagger            |    12 |    69 ||    81
       Constrict         |     6 |    17 ||    23
       Tentacles         |     3 |    19 ||    22
 Cast: Sting             |    21 |    58 ||    79
       Mephitic Cloud    |       |     2 ||     2
  Use: Potion            |     2 |     4 ||     6
 Stab: Sleeping          |     6 |     3 ||     9
  Eat: Chunk             |     1 |     5 ||     6
Armor: Skin              |       |     2 ||     2
Dodge: Dodged            |    13 |    64 ||    77
